 Dungeon Crawl Stone Soup version 0.31-a0-358-gac0dbeb3ab (webtiles) character file.

Game seed: 7038632054519712872

272 Bnni the Changeling (level 6, -3/42 HPs)
             Began as an Octopode Shapeshifter on July 25, 2023.
             Was an Initiate of Gozag.
             Slain by Pikel
             ... wielding a +2 whip of flaming
              (4 damage)
             ... on level 4 of the Dungeon.
             The game lasted 00:04:01 (2779 turns).

Bnni the Changeling (Octopode Shapeshifter)         Turns: 2779, Time: 00:04:02

Health: -3/42      AC:  1    Str: 14    XL:     6   Next: 23%
Magic:  6/6        EV: 13    Int: 11    God:    Gozag
Gold:   240        SH:  0    Dex: 14    Spells: 5/5 levels left

rFire   . .          .
                       - Unarmed
rCold   . . .        (no shield)
rNeg    . . .        (helmet currently unavailable)
rPois   .            l - amulet of the acrobat
rElec   .            (no ring)
rCorr   .            (no ring)
SInv    .            (no ring)
Will    .....        (no ring)
Stlth   ++           (no ring)
HPRegen 0.27/turn    (no ring)
MPRegen 0.10/turn    (no ring)
                     (no ring)

%: acrobat
@: beast-form, gold aura
A: beast (slay +3), almost no armour, amphibious, 8 rings, camouflage 1,
gelatinous body 1, (nimble swimmer 1), tentacles
a: Begin Untransformation, Renounce Religion, Potion Petition, Call Merchant,
Bribe Branch


You were on level 4 of the Dungeon.
You worshipped Gozag.
Gozag was aware of your devotion.
You were a hulking beast.
You visited 1 branch of the dungeon, and saw 4 of its levels.

You collected 275 gold pieces.
You paid 35 gold pieces to Gozag.

Inventory:

Missiles
 f - 10 poisoned darts
Jewellery
 l - an amulet of the acrobat (around mantle)
Talismans
 b - a beast talisman
 s - a blade talisman
Wands
 t - a wand of acid (6)
Scrolls
 c - 3 scrolls of vulnerability
 e - a scroll of amnesia {unknown}
 g - a scroll of fog {unknown}
 h - 2 scrolls of teleportation {unknown}
 j - 2 scrolls of immolation {unknown}
 k - a scroll of identify {unknown}
 m - a scroll of poison {unknown}
 p - a scroll of fear {unknown}
 q - a scroll of noise {unknown}
 r - 2 scrolls of enchant weapon {unknown}
Potions
 a - a potion of lignification
 d - a potion of enlightenment {unknown}
 i - 2 potions of might {unknown}
 n - a potion of heal wounds {unknown}
 o - a potion of haste {unknown}


   Skills:
 + Level 3.0 Fighting
 - Level 2.0 Dodging
 + Level 4.2 Unarmed Combat
 * Level 4.6 Shapeshifting


You had 5 spell levels left.
You didn't know any spells.
Your spell library contained the following spells:

 Spells                   Type           Power      Damage    Failure   Level
 Summon Small Mammal      Summ           0%         N/A       34%         1
 Call Canine Familiar     Summ           0%         N/A       71%         3
 Portal Projectile        Hex/Tloc       0%         N/A       71%         3
 Summon Guardian Golem    Hex/Summ       0%         N/A       71%         3
 Summon Mana Viper        Hex/Summ       0%         N/A       100%        5
 Malign Gateway           Summ/Tloc      0%         N/A       100%        7


Dungeon Overview and Level Annotations

Branches:
Dungeon (4/15)
 Temple: D:4-7

Altars:
Gozag

Shops:
D:1 (   D:2 !   D:3 =

Annotations:
D:4 Pikel


Innate Abilities, Weirdness & Mutations

You are a hulking beast.
Your limbs bulge with bestial killing power. (Slay +3)
You cannot wear most types of armour.
You are amphibious.
You can wear up to eight rings at the same time.
Your skin changes colour to match your surroundings (Stealth+).
Your rubbery body absorbs attacks. (AC +1, EV +1)
((You are camouflaged when in or above water. (Stealth+)))
You have tentacles for arms and can constrict up to eight enemies at once.


Message History

Throw: 12 darts (poison)
Press: ? - help, Shift-Dir - straight line, f/p - Pikel
Aim: Pikel, wielding a +2 whip of flaming and wearing a +0 robe (lightly wounded, very poisoned, 53% to hit)
You throw a poisoned dart. The poisoned dart barely misses Pikel.
Unknown command.
Throw: 11 darts (poison)
Press: ? - help, Shift-Dir - straight line, f/p - Pikel
Aim: Pikel, wielding a +2 whip of flaming and wearing a +0 robe (lightly wounded, very poisoned, 53% to hit)
You throw a poisoned dart. The poisoned dart closely misses Pikel.
The poisoned dart hits the lemure.
A lemure comes into view.
The lemure shouts!
You tentacle-slap Pikel but do no damage.
You grab Pikel. You tentacle-slap Pikel. Your squeeze misses Pikel.
Pikel is lightly wounded.
You constrict Pikel, but do no damage. The lemure hits you.
Pikel hits you with a +2 whip of flaming!
Pikel burns you.
Aiming: Corrosive Bolt
Press: ? - help, Shift-Dir - straight line, f/p - Pikel
Aim: Pikel, wielding a +2 whip of flaming and wearing a +0 robe (moderately wounded, constricted by you, very poisoned, 100% to hit)
The bolt of acid hits Pikel.
The acid corrodes Pikel!
Pikel is moderately wounded.
You constrict Pikel. The lemure hits you. The lemure closely misses you.
Pikel hits you with a +2 whip of flaming!
* * * LOW HITPOINT WARNING * * *
Pikel burns you.
* * * LOW HITPOINT WARNING * * *
Unknown command.
Aiming: Corrosive Bolt
Press: ? - help, Shift-Dir - straight line, f/p - Pikel
Aim: Pikel, wielding a +2 whip of flaming and wearing a +0 robe (heavily wounded, constricted by you, very poisoned, covered in acid, 100% to hit)
The bolt of acid hits Pikel!
Pikel seems to be corroded for longer.
Pikel is severely wounded.
You constrict Pikel. The lemure hits you.
* * * LOW HITPOINT WARNING * * *
The lemure closely misses you.
Pikel hits you with a +2 whip of flaming.
You die...
Your body crumbles into a pile of gold.

#................>..........
#...........................
#...........................
#...........................
#...........................
#...........................
#...........................
#...........................
.......h................
$......55K...............
.............)..........
.......(................
.....(.5................
.....(.................
.......?...............
.....(.(...............
.....(.................


You could see Pikel (very poisoned, corroded) and 3 lemures.

Vanquished Creatures
  A lemure (D:4)
  A scorpion (D:3)
  Crazy Yiuf (D:2)
  A sleepcap (D:4)
  Ijyb (D:4)
  3 gnolls (D:2)
  5 adders
  A worm (D:3)
  3 dart slugs
  2 bats (D:2)
  4 endoplasms
  A giant cockroach (D:1)
  4 goblins
  7 hobgoblins
  3 jackals (D:1)
  6 kobolds
  2 quokkas (D:1)
  6 ball pythons
  3 frilled lizards (D:1)
  3 rats
58 creatures vanquished.

Notes
Turn   | Place    | Note
-------+----------+-------------------------------------------
     0 | D:1      | Bnni the Octopode Shapeshifter began the quest for the Orb.
     0 | D:1      | Reached XP level 1. HP: 13/13 MP: 1/1
   349 | D:1      | Reached XP level 2. HP: 10/18 MP: 2/2
   672 | D:1      | Found Fuasuman's Antique Weapon Emporium.
  1084 | D:2      | Found Viabybb's Distillery.
  1100 | D:2      | Reached XP level 3. HP: 23/23 MP: 3/3
  1112 | D:2      | Identified the +2 robe of the Sun {MP+9}
  1225 | D:2      | Reached XP level 4. HP: 29/29 MP: 4/4
  1544 | D:2      | Found a runed translucent door.
  1545 | D:2      | Noticed Crazy Yiuf
  1554 | D:2      | Killed Crazy Yiuf
  1681 | D:3      | Found an opulent altar of Gozag.
  1687 | D:3      | Became a worshipper of Gozag Ym Sagoz the Greedy
  1703 | D:3      | Reached XP level 5. HP: 35/35 MP: 5/5
  2188 | D:3      | Found Huosutha's Jewellery Shoppe.
  2577 | D:4      | Identified the +0 sling of Obbyam {antimagic, +Blink rElec}
  2619 | D:4      | Got the Notes on Entranced Shifting
  2662 | D:4      | Noticed Ijyb
  2667 | D:4      | Noticed a lemure
  2671 | D:4      | Killed Ijyb
  2672 | D:4      | Reached XP level 6. HP: 29/41 MP: 6/6
  2768 | D:4      | Noticed Pikel
  2779 | D:4      | HP: 1/42 [lemure[Pikel] (6)]
  2779 | D:4      | Slain by Pikel

Illustrated notes

Levels and vault maps discovered:
D:1:      nzn_arrival_depleted_hourglass, layout_basic, serial_shops,
          nicolae_shop_back_alley_shop
D:2:      layout_rooms, serial_shops, nicolae_shop_stone,
          uniq_crazy_yiuf_cottage
D:3:      layout_basic, lemuel_round_altar, serial_shops,
          nicolae_shop_tiny_glass
D:4:      layout_gridville, minmay_overflow_temple_star_quad,
          minmay_temple_entry_slanted, uniq_ijyb, uniq_pikel

Skill      XL: |  1  2  3  4  5  6 |
---------------+-------------------+-----
Fighting       | 2 3 |  3.0
Shapeshifting  | 4 |  4.6
Unarmed Combat | 4 |  4.2
Dodging        | |  2.0

Action                     |  1- 3 |  4- 6 || total
---------------------------+-------+-------++-------
  Melee: Unarmed           |    46 |    68 ||   114
         Constrict         |    13 |    17 ||    30
         Tentacles         |     9 |    16 ||    25
         Punch             |       |     2 ||     2
  Throw: Dart              |       |     6 ||     6
  Evoke: Wand              |       |     2 ||     2
    Use: Scroll            |       |     1 ||     1
   Stab: Sleeping          |     7 |     2 ||     9
         Distracted        |       |     1 ||     1
 Armour: Skin              |     1 |     2 ||     3
  Dodge: Dodged            |    21 |    44 ||    65

Table legend: (Time is in decaauts)
 A = Elapsed time spent in this place.
 B = Non-inter-level travel time spent in this place.
 C = Inter-level travel time spent in this place.
 D = Time resting spent in this place.
 E = Time spent auto-exploring this place.
 F = Levels seen in this place.
 G = Mean time per level.
                   A        B        C        D        E       F      G
               +--------+--------+--------+--------+--------+-----+--------+
         Total |   2770 |   2664 |    106 |    112 |   2101 |   4 |  692.5 |
       Dungeon |   2770 |   2664 |    106 |    112 |   2101 |   4 |  692.5 |
               +--------+--------+--------+--------+--------+-----+--------+

Top non-repeatable levels by time:
     D:1: 1049 daAuts
     D:3: 886 daAuts
     D:2: 627 daAuts
     D:4: 206 daAuts
